 Dungeon Crawl Stone Soup version 0.19.0-16-g73b5abf (webtiles) character file.

9 cedor the Charlatan (level 2, -1/21 HPs)
             Began as a Demonspawn Artificer on Nov 10, 2016.
             Succumbed to a kobold's poison
             ... on level 1 of the Dungeon.
             The game lasted 00:01:04 (435 turns).

cedor the Charlatan (Demonspawn Artificer)           Turns: 435, Time: 00:01:04

Health: -1/21      AC:  9    Str: 10 (12) XL:     2   Next: 3%
Magic:  4/4        EV: 12    Int:  9 (12) God:
Gold:   20         SH:  0    Dex: 12 (13) Spells: 0 memorised, 1 level left

rFire  . . .     SeeInvis .     a - +0 short sword
rCold  . . .     Gourm    .     b - +0 leather armour
rNeg   . . .     Faith    .     (no shield)
rPois  .         Spirit   .     (no helmet)
rElec  .         Reflect  .     (no cloak)
rCorr  .         Harm     .     (no gloves)
MR     .....                    (no boots)
Stlth  +.........               (no amulet)
                                (no ring)
                                (no ring)

@: lethally poisoned (-1 -> -35), sanguine armour
A: sanguine armour 1
a: no special abilities


You were on level 1 of the Dungeon.
You were not hungry.

You visited 1 branch of the dungeon, and saw 1 of its levels.

You collected 20 gold pieces.


Innate Abilities, Weirdness & Mutations

When seriously injured, your bleeding wounds create armour. (AC +6)


   Skills:
 - Level 1.0 Fighting
 * Level 1.4 Short Blades
 + Level 2.0 Dodging
 + Level 1.1 Stealth
 - Level 3.0 Evocations


You had one spell level left.
You didn't know any spells.

Inventory:

Hand Weapons
 a - a +0 short sword (weapon)
Armour
 b - a +0 leather armour (worn)
Wands
 c - a wand of flame (12/48)
 d - a wand of enslavement (15/24)
 e - a wand of random effects (15/48)
Scrolls
 i - a scroll of enchant armour {unknown}
Comestibles
 f - a bread ration
 g - 2 chunks of flesh

Dungeon Overview and Level Annotations

Branches:
Dungeon (1/15)

Altars:

▒.▒▒▒.▒ ▒.▒▒..▒)▒▒▒.▒.▒▒▒▒▒▒▒▒.▒
....... .......................>.
▒.▒▒▒..........▒▒.▒▒▒▒.▒.▒.▒▒▒.▒▒
... ▒▒▒▒▒▒.▒................▒▒...
▒▒+▒ ▒.▒...▒▒.▒▒▒▒▒..▒..▒▒▒▒▒
▒▒.▒ . ▒...▒▒.▒ ▒▒▒..▒.......
▒▒.▒ ▒▒▒...▒▒.▒▒▒....▒...▒▒▒▒
▒▒.▒ ▒....£.....▒.▒▒.▒...▒ ▒▒.▒▒
▒......6...▒.▒▒.▒...▒ ▒...▒▒
▒.....)....▒.▒▒.▒.).▒ ..⌠..▒▒
▒..........▒.▒▒.▒...▒
......▒▒▒▒▒.▒▒▒▒▒▒.▒▒.▒▒.▒...▒
⌠.<.⌠.....+ .▒▒.▒▒.▒...▒
......▒▒▒▒▒ ..▒.▒▒.▒...▒ ..⌠..▒▒
▒..........▒ ▒...▒▒ .▒▒ ▒▒...
▒▒.▒▒


There were no monsters in sight!


Message History

Aim: a kobold, wielding a dagger of venom The puff of flame hits the kobold.
The kobold is heavily wounded.
This wand has 14 charges left.
* * * LOW HITPOINT WARNING * * *
You feel sick. The kobold barely misses you.
Evoke which item? (* to show all) (? for menu, Esc to quit)
Zapping:
c - a wand of flame (14/48)
Press: ? - help, Shift-Dir - straight line, f/p - kobold
Aim: a kobold, wielding a dagger of venom (heavily wounded)
The puff of flame misses the kobold.
This wand has 13 charges left.
* * * LOW HITPOINT WARNING * * *
You feel sick. The kobold hits you but does no damage.
You are more poisoned.
Evoke which item? (* to show all) (? for menu, Esc to quit)
Zapping:
c - a wand of flame (13/48)
Press: ? - help, Shift-Dir - straight line, f/p - kobold
Aim: a kobold, wielding a dagger of venom (heavily wounded)
The puff of flame hits the kobold.
You kill the kobold!
You have reached level 2!
Your demonic ancestry asserts itself...
You feel your blood ready itself to protect you.
This wand has 12 charges left.
Your blood congeals into armour.
* * * LOW HITPOINT WARNING * * *
You feel sick.
It was a potion of degeneration.
There was something very wrong with that liquid.
You feel weakened.
You feel dopey.
You feel clumsy.
You die...

Action                   || total
-------------------------++-------
Melee: Short sword       ||    39
Evoke: Wand              ||     3
  Use: Potion            ||     1
Armor: Leather armour    ||     4
Dodge: Dodged            ||    21

Vault maps used:
D:1:      evilmike_arrival_plus

Notes
Turn   | Place    | Note
-------+----------+-------------------------------------------
     0 | D:1      | cedor the Demonspawn Artificer began the quest for the Orb.
     0 | D:1      | Reached XP level 1. HP: 15/15 MP: 3/3
    25 | D:1      | Reached skill level 1 in Short Blades
    44 | D:1      | Reached skill level 1 in Stealth
   347 | D:1      | Reached skill level 2 in Dodging
   434 | D:1      | Gained mutation: When seriously injured, your bleeding wounds create armour. (AC +6) [demonic ancestry]
   434 | D:1      | Reached XP level 2. HP: 3/21 MP: 4/4
   434 | D:1      | HP: 1/21 [poisoned by a kobold]
   435 | D:1      | Succumbed to a kobold's poison

Vanquished Creatures
  A bat (D:1)
  2 hobgoblins (D:1)
  A kobold (D:1)
  5 rats (D:1)
9 creatures vanquished.
